[Event "Late-Titled-Tuesday-Blitz-August-29-2023"]
[Site "Chess.com"]
[Date "2023.08.29"]
[Round "10"]
[White "betta2004"]
[Black "YEIKO2017"]
[Result "1/2-1/2"]
[WhiteElo "2571"]
[BlackElo "2478"]
[TimeControl "180+1"]
[EndTime "15:52:17 PDT"]
[Termination "Game drawn - insufficient material"]

1. d4 Nf6 2. Nc3 d5 3. Bf4 c6 4. e3 g6 5. h4 h5 6. Be2 Bg7 7. Nf3 Bg4 8. Ne5 Bxe2 9. Qxe2 Nfd7 10. f3 Nxe5 11. dxe5 Nd7 12. e4 d4 13. Nd1 Nxe5 14. Bxe5 Bxe5 15. Nf2 Qa5+ 16. Kf1 O-O-O 17. Nd3 Bg7 18. b4 Qb5 19. a4 Qc4 20. b5 c5 21.
Kf2 Bh6 22. g3 Be3+ 23. Kg2 f6 24. Rhb1 g5 25. hxg5 h4 26. a5 hxg3 27. Kxg3 Rdg8 28. f4 Qe6 29. Qg4 Qxg4+ 30. Kxg4 fxg5 31. f5 Rh4+ 32. Kf3 g4+ 33. Kg2 Rgh8 34. Rh1 Rxh1 35. Rxh1 Rxh1 36. Kxh1 c4 37. Nb4 Bd2 38. Nd5 d3 39. cxd3 c3 40.
Nb4 Kd7 41. e5 Bf4 42. d4 Be3 43. Nc2 Bf2 44. Kg2 g3 45. Kf3 a6 46. bxa6 bxa6 47. d5 Ke8 48. Nb4 Kf7 49. Nd3 c2 50. Ke2 Bd4 51.
Kf3 Bb2 52. Kxg3 c1=Q 53. Nxc1 Bxc1 54. Kf3 Bb2 55. Ke4 Bc3 56. d6 exd6 57. exd6 Bxa5 58. Kd5 Kf6 59. Kc6 Bd8 60. Kd7 Ba5 61. Kc6 Kxf5 62.
Kb7 Ke6 63. Kxa6 Kxd6 1/2-1/2

[Event "Late-Titled-Tuesday-Blitz-August-29-2023"]
[Site "Chess.com"]
[Date "2023.08.29"]
[Round "10"]
[White "Training_Day"]
[Black "jcreyes69"]
[Result "1-0"]
[WhiteElo "2451"]
[BlackElo "2351"]
[TimeControl "180+1"]
[EndTime "15:52:21 PDT"]
[Termination "Training_Day won by checkmate"]

1. e4 c5 2. Nc3 Nc6 3. Bb5 Nd4 4.
Nf3 e6 5. O-O a6 6. Bd3 Nc6 7.
Nd5 g5 8. Ne3 h5 9. c3 g4 10. Ne1 Bg7 11. Bc2 Nge7 12. f4 Ng6 13. d3 O-O 14. f5 Nge5 15. h3 gxh3 16. Qxh5 hxg2 17. N1xg2 d5 18. Rf4 dxe4 19. dxe4 exf5 20. Rh4 f6 21. Bb3+ c4 22. Nxc4 Be6 23. Nxe5 Qb6+ 24.
Be3 Nxe5 25. Bxb6 Bxb3 26. axb3 fxe4 27. Kh1 Rac8 28. Bd4 Rc6 29. Nf4 Nf3 30. Rg4 Nxd4 31. cxd4 f5 32. Rg6 Rxg6 33. Qxg6 Rf6 34. Qe8+ Kh7 35. Kg2 Rh6 36. Rh1 Rxh1 37. Kxh1 b5 38. Qg6+ Kg8 39. Ne6 Kh8 40. Qxg7# 1-0

[Event "Late-Titled-Tuesday-Blitz-August-29-2023"]
[Site "Chess.com"]
[Date "2023.08.29"]
[Round "10"]
[White "KaydenTroffChess"]
[Black "rdarruda"]
[Result "1-0"]
[WhiteElo "2792"]
[BlackElo "2584"]
[TimeControl "180+1"]
[EndTime "15:52:22 PDT"]
[Termination "KaydenTroffChess won by resignation"]

1. d4 Nf6 2. Nf3 g6 3. Bg5 Bg7 4. e3 d6 5. Nbd2 O-O 6. h4 Nh5 7. Rg1 h6 8. g4 Nf6 9. Bxf6 exf6 10. Bd3 Nc6 11. c3 Ne7 12. g5 fxg5 13. hxg5 h5 14. Qc2 c5 15. O-O-O Qa5 16. Kb1 b5 17. Ne4 Be6 18. Nf6+ Kh8 19. d5 Bf5 20. Bxf5 Nxf5 21. Nxh5 Qa4 22. b3 Qa5 23. Nf6 Qd8 24.
Qxf5 gxf5 25. Rh1+ Bh6 26. Rxh6+ Kg7 27. Nh4 Rg8 28. Nxf5+ Kf8 29. Nxg8 Kxg8 30. Rdh1 f6 31. g6 1-0

[Event "Late-Titled-Tuesday-Blitz-August-29-2023"]
[Site "Chess.com"]
[Date "2023.08.29"]
[Round "10"]
[White "GMBenjaminBok"]
[Black "nihalsarin"]
[Result "0-1"]
[WhiteElo "2922"]
[BlackElo "3112"]
[TimeControl "180+1"]
[EndTime "15:52:27 PDT"]
[Termination "nihalsarin won by resignation"]

1. d4 g6 2. c4 Nf6 3. g3 c5 4. dxc5 Na6 5. Bg2 Nxc5 6. Nc3 Bg7 7. Nf3 O-O 8. O-O b6 9. Nd4 Bb7 10. Bxb7 Nxb7 11. b3 Rc8 12. Bb2 d5 13. cxd5 Nxd5 14. Nxd5 Qxd5 15. e3 Rfd8 16. Qe2 Nc5 17. Rfd1 Ne4 18.
Rac1 Ng5 19. h4 Rxc1 20. Rxc1 Bxd4 21. hxg5 Bxb2 22. Qxb2 Qxg5 23. Qe2 h5 24. Rc4 b5 25. Re4 a6 26. Kg2 e6 27. Qc2 Qf5 28. Qc6 g5 29. Rd4 Rxd4 30. Qc8+ Kg7 31. exd4 Qe4+ 32. Kg1 h4 33. Qc3 h3 34. d5+ Kg6 35. f3 Qe2 0-1

[Event "Late-Titled-Tuesday-Blitz-August-29-2023"]
[Site "Chess.com"]
[Date "2023.08.29"]
[Round "10"]
[White "maurovargas01"]
[Black "C_K_G"]
[Result "0-1"]
[WhiteElo "1878"]
[BlackElo "2019"]
[TimeControl "180+1"]
[EndTime "15:52:29 PDT"]
[Termination "C_K_G won by resignation"]

1. e4 c5 2. Nc3 d6 3. f4 Nc6 4. Nf3 a6 5. d3 e6 6. g3 Nf6 7. Bg2 Qc7 8. O-O Be7 9. Qe1 O-O 10. Ne2 b5 11. c3 Bb7 12. h3 c4 13. dxc4 Nxe4 14.
cxb5 axb5 15. a3 Nc5 16. Ned4 Qb6 17. Be3 d5 18. Qf2 Nd3 19. Qc2 Nc5 20. Bf2 Ne4 21.
Be3 Na5 22. Nf5 Bc5 23. N5d4 Nc4 24. b4 Nxe3 25. Qd3 Bxd4 26. cxd4 Nxf1 27. Rxf1 Nxg3 28. Ne5 Nxf1 29. Bxf1 Qc7 30. Kg2 f6 31. Ng4 Qxf4 32.
Be2 Qe4+ 33. Kg3 Qxd3+ 34. Bxd3 Rxa3 35. Nf2 e5 36. dxe5 fxe5 37. Kg2 Bc6 38. Kg1 Rxf2 39. Bxh7+ Kxh7 40. Kxf2 d4 0-1

[Event "Late-Titled-Tuesday-Blitz-August-29-2023"]
[Site "Chess.com"]
[Date "2023.08.29"]
[Round "10"]
[White "Zq1"]
[Black "Dhaydon19"]
[Result "0-1"]
[WhiteElo "2521"]
[BlackElo "2671"]
[TimeControl "180+1"]
[EndTime "15:52:32 PDT"]
[Termination "Dhaydon19 won by resignation"]

1. d4 b6 2. c4 Bb7 3. Nc3 Nf6 4. d5 e5 5. g3 Bb4 6. Bd2 Na6 7. Bg2 Nc5 8. Nf3 e4 9. Nd4 O-O 10. Nc2 Bxc3 11. Bxc3 Re8 12. Ne3 d6 13. O-O a5 14.
b3 Bc8 15. Qd4 Qe7 16. Rae1 Bd7 17. f4 h5 18. h3 Qf8 19. f5 Nh7 20. f6 g6 21. h4 b5 22. Rf4 b4 23. Bb2 a4 24.
Qd1 Qh6 25. Ref1 axb3 26. axb3 Ra2 27. Bd4 Ra3 28. Bxc5 dxc5 29. d6 c6 30. Qc2 Nxf6 31. Rxf6 Qxe3+ 32. Kh2 Rxb3 33. Rxf7 Qxg3+ 34. Kg1 Bh3 35. e3 Qxe3+ 36. Kh1 Bxg2+ 37. Qxg2 Qh3+ 38. Qxh3 Rxh3+ 39. Kg2 Rd3 40. Re7 Rf8 41. Ra1 Rd2+ 42. Kg1 Rf7 43.
Ra8+ Kg7 0-1

[Event "Late-Titled-Tuesday-Blitz-August-29-2023"]
[Site "Chess.com"]
[Date "2023.08.29"]
[Round "10"]
[White "VladimirKramnik"]
[Black "OparinGrigoriy"]
[Result "0-1"]
[WhiteElo "2954"]
[BlackElo "2988"]
[TimeControl "180+1"]
[EndTime "15:52:36 PDT"]
[Termination "OparinGrigoriy won on time"]

1. c4 Nf6 2. Nf3 e6 3. d4 d5 4.
cxd5 exd5 5. Qc2 c6 6. Nc3 Be7 7. h3 g6 8. Bh6 Bf5 9. Qb3 Qb6 10. g4 Qxb3 11. axb3 Be6 12. Bg2 Nbd7 13. O-O Bf8 14. Bxf8 Kxf8 15. b4 Ke7 16. Nd2 Nb6 17. Nb3 Nc4 18.
Nc5 b6 19. Nd3 a5 20. b5 cxb5 21. Nxb5 Ne4 22. Rfc1 Rhc8 23. Nf4 g5 24. Nxe6 fxe6 25. Bxe4 dxe4 26. Rc2 Nd6 27. Rxc8 Rxc8 28. Nc3 Rc4 29.
e3 Rb4 30. Ra2 Nc4 31. Nxe4 Rxb2 32. Ra1 b5 33. Nxg5 a4 34. Nxh7 a3 35. g5 a2 36.
Kg2 b4 37. g6 b3 38. h4 Rb1 39. h5 Rxa1 40. g7 Rg1+ 41. Kxg1 a1=Q+ 42. Kh2 Qa8 43. h6 Qg8 44. Ng5 b2 0-1

[Event "Late-Titled-Tuesday-Blitz-August-29-2023"]
[Site "Chess.com"]
[Date "2023.08.29"]
[Round "10"]
[White "Laico"]
[Black "CraiggoryC"]
[Result "0-1"]
[WhiteElo "2376"]
[BlackElo "2240"]
[TimeControl "180+1"]
[EndTime "15:52:37 PDT"]
[Termination "CraiggoryC won by resignation"]

1. e4 e6 2. d4 d5 3. Nd2 Be7 4. Bd3 c5 5. c3 cxd4 6. cxd4 dxe4 7. Nxe4 Nf6 8. Nf3 Nc6 9. O-O O-O 10. Be3 b6 11.
Bb1 Bb7 12. Qd3 g6 13. a3 a5 14. Rc1 a4 15. Nxf6+ Bxf6 16. Ba2 Na5 17. Qb5 Bd5 18.
Bxd5 Qxd5 19. Qxd5 exd5 20. Rc7 Rfc8 21. Rac1 Nc4 22.
Rxc8+ Rxc8 23. Rc2 Kf8 24. Bh6+ Ke7 25. Ne5 Bxe5 26.
dxe5 Rc5 27. Bc1 Nxe5 28. Rxc5 bxc5 29. Kf1 Nd3 30. Be3 d4 31. Bg5+ f6 32. Bh6 Nxb2 33.
Ke2 Nc4 34. Bc1 Kd6 35. Kd3 Kd5 36. f4 Nd6 37. Bd2 c4+ 38. Kc2 c3 39. Bxc3 dxc3 40. Kxc3 Nb5+ 41. Kb4 Nxa3 42. Kxa3 Ke4 43. g3 Kf3 44. Kxa4 Kg2 45. Kb5 Kxh2 46. g4 Kg3 47. g5 fxg5 48. f5 gxf5 0-1

[Event "Late-Titled-Tuesday-Blitz-August-29-2023"]
[Site "Chess.com"]
[Date "2023.08.29"]
[Round "10"]
[White "Schwindle"]
[Black "NotFischer"]
[Result "1-0"]
[WhiteElo "2396"]
[BlackElo "2261"]
[TimeControl "180+1"]
[EndTime "15:52:44 PDT"]
[Termination "Schwindle won on time"]

1. e4 d5 2. exd5 Qxd5 3. Nc3 Qd6 4. Nf3 Nf6 5. d4 c6 6. Bc4 Bf5 7. Ne5 e6 8. Bf4 Qb4 9. Bb3 Nbd7 10. O-O Nxe5 11. Bxe5 Be7 12. a3 Qa5 13. Re1 O-O 14.
h3 Bg6 15. Qf3 Rfe8 16. Rad1 Rad8 17. Qg3 Rd7 18. Bxf6 Bxf6 19. d5 Bxc3 20. dxe6 fxe6 21. bxc3 Rxd1 22. Rxd1 Qxa3 23. Qc7 Qa6 24. Rd8 Qa1+ 25. Kh2 Qxc3 26. Bxe6+ Kh8 27. Qd6 1-0

[Event "Late-Titled-Tuesday-Blitz-August-29-2023"]
[Site "Chess.com"]
[Date "2023.08.29"]
[Round "10"]
[White "vi_pranav"]
[Black "MarcoRiehle"]
[Result "1-0"]
[WhiteElo "2960"]
[BlackElo "2839"]
[TimeControl "180+1"]
[EndTime "15:52:46 PDT"]
[Termination "vi_pranav won by resignation"]

1. e4 e5 2. Nf3 Nf6 3. Nxe5 Nxe4 4.
Bd3 Qe7 5. Bxe4 Qxe5 6. O-O d5 7. d4 Qd6 8. Bd3 Be7 9. Re1 O-O 10. Nc3 c6 11. Qf3 Bf6 12. Bf4 Qb4 13. Be5 Bxe5 14. Rxe5 Qxd4 15. Rae1 Nd7 16. Re8 Nf6 17. Rxf8+ Kxf8 18.
Qg3 Be6 19. h3 Qb4 20. Qe3 Qxb2 21. Qd4 Kg8 22. Rb1 Qa3 23. Rxb7 c5 24. Qf4 Re8 25. Nb5 Qxa2 26. Nc7 Rf8 27. Nxe6 fxe6 28. Qe5 d4 29.
Qc7 Ne8 30. Qe7 Qd5 31. Rd7 Qe5 32. Bxh7+ Kxh7 33. Qxf8 Qe1+ 34. Kh2 Qe5+ 35. f4 Qe4 36. Rf7 Qg6 37. Qxe8 a5 38. Rf8 Qxe8 39. Rxe8 Kg6 40. Rc8 Kf5 41. Rxc5+ Kxf4 42. Rxa5 e5 43. Kg1 e4 44.
Kf2 1-0

[Event "Late-Titled-Tuesday-Blitz-August-29-2023"]
[Site "Chess.com"]
[Date "2023.08.29"]
[Round "10"]
[White "tptagain"]
[Black "adiosabu"]
[Result "1-0"]
[WhiteElo "2885"]
[BlackElo "2639"]
[TimeControl "180+1"]
[EndTime "15:52:46 PDT"]
[Termination "tptagain won by checkmate"]

1. d3 d5 2. f4 Nh6 3. Nf3 g6 4. e4 dxe4 5. dxe4 Qxd1+ 6. Kxd1 Ng4 7. Ke1 Nc6 8. Bd3 Bh6 9. h3 Nge5 10. Nxe5 Nxe5 11.
Be2 Nc6 12. Na3 a6 13. g4 Bg7 14. c3 h6 15. Nc4 b5 16. Ne3 e6 17. Bd2 g5 18.
Ng2 Bb7 19. Rf1 Rd8 20. Be3 Bf6 21.
Kf2 Kf8 22. Kg3 Kg7 23. a4 b4 24. cxb4 Nxb4 25. Rac1 Rd7 26. Rc4 a5 27. Rc5 Ra8 28.
fxg5 hxg5 29. Rxf6 Kxf6 30. Bxg5+ Kg7 31. Nf4 Kf8 32. Nh5 Rd6 33. Rxc7 Bxe4 34. Be7+ Ke8 35. Nf6# 1-0

[Event "Late-Titled-Tuesday-Blitz-August-29-2023"]
[Site "Chess.com"]
[Date "2023.08.29"]
[Round "10"]
[White "simplerXiao"]
[Black "psychokiller48"]
[Result "0-1"]
[WhiteElo "2532"]
[BlackElo "2676"]
[TimeControl "180+1"]
[EndTime "15:52:46 PDT"]
[Termination "psychokiller48 won by resignation"]

1. e4 e5 2. Bc4 Nf6 3. Nc3 Bc5 4. f4 d6 5. Nf3 Nc6 6. d3 a6 7.
h3 Nd4 8. fxe5 dxe5 9. Nxd4 Bxd4 10. Qf3 h6 11. Bd2 c6 12. g4 b5 13. Bb3 Qe7 14. a4 Ra7 15. axb5 axb5 16. Ke2 Nh7 17. Rxa7 Bxa7 18. h4 Nf6 19. Rg1 h5 20. Be3 Bxg4 21. Rxg4 Nxg4 22. Bg5 Qd7 23. Kd1 O-O 24. Ne2 g6 25.
Kc1 Bc5 26. Ng3 Be7 27. Kb1 Bxg5 28. hxg5 Qe7 29. Nxh5 gxh5 30. g6 Qf6 31. gxf7+ Kg7 32. Qh3 Qg5 33. Be6 Nf6 34. b3 Qg1+ 35. Kb2 Qd4+ 36.
Kc1 Qg1+ 37. Kb2 b4 38. Qh4 Ra8 39. f8=Q+ Rxf8 40. c3 Qg2+ 41. Kc1 bxc3 0-1

[Event "Late-Titled-Tuesday-Blitz-August-29-2023"]
[Site "Chess.com"]
[Date "2023.08.29"]
[Round "10"]
[White "Ncatt"]
[Black "Fh2411"]
[Result "1-0"]
[WhiteElo "2477"]
[BlackElo "2624"]
[TimeControl "180+1"]
[EndTime "15:52:53 PDT"]
[Termination "Ncatt won by resignation"]

1. e4 c6 2. d4 d5 3. exd5 cxd5 4.
Bd3 Nc6 5. c3 Qc7 6. h3 g6 7.
Nf3 Bf5 8. O-O Nf6 9. Re1 Bxd3 10. Qxd3 Bg7 11. Nbd2 O-O 12. a4 Rfe8 13. b4 a5 14. b5 Na7 15. Ba3 Nc8 16. c4 dxc4 17. Nxc4 Nd5 18. Rac1 Qd8 19. Nce5 Ncb6 20. Qb3 e6 21.
Rc2 Rc8 22. Bc5 Nd7 23. Nxd7 Qxd7 24. b6 Nf4 25. Rb1 Qd5 26. Qxd5 Nxd5 27. Rb5 Ra8 28.
Nd2 Rec8 29. Nc4 Nb4 30. Rd2 Nc6 31. Nd6 Rcb8 32. d5 exd5 33. Rxd5 Rd8 34. Be3 Rd7 35. Nc4 Rxd5 36. Rxd5 Bc3 37. Rd7 Rc8 38. Rxb7 Ne5 39. Rc7 Rd8 40. b7 Nxc4 41. Rc8 1-0

[Event "Late-Titled-Tuesday-Blitz-August-29-2023"]
[Site "Chess.com"]
[Date "2023.08.29"]
[Round "10"]
[White "GMMikhailKazakov"]
[Black "ChEsper99"]
[Result "1-0"]
[WhiteElo "2340"]
[BlackElo "2163"]
[TimeControl "180+1"]
[EndTime "15:52:53 PDT"]
[Termination "GMMikhailKazakov won on time"]

1. d4 d5 2. Nf3 c6 3. g3 Nf6 4. Bg2 g6 5. O-O Bg7 6. c3 O-O 7. a4 a5 8. Bf4 Bf5 9. Nh4 Be6 10. Nd2 h6 11. Nhf3 Bf5 12. Ne5 Nbd7 13. Nxd7 Qxd7 14. Be5 Bh3 15. Bxf6 Bxf6 16. e4 Bxg2 17. Kxg2 dxe4 18. Nxe4 Bg7 19. Qf3 b6 20. Rfe1 Rfe8 21. h4 Qd5 22. h5 Qxh5 23. Qxh5 gxh5 24. f4 c5 25. dxc5 f5 26.
Nd2 bxc5 27. Nc4 Kf7 28. Rad1 Rad8 29. Kf3 Rxd1 30. Rxd1 Bf6 31. Rd5 h4 32. gxh4 Bxh4 33. Rxf5+ Kg6 34. Rxc5 Bf6 35. Rxa5 h5 36. Ne5+ Kg7 37.
Rb5 h4 38. Kg4 Rh8 39. Kh3 1-0

[Event "Late-Titled-Tuesday-Blitz-August-29-2023"]
[Site "Chess.com"]
[Date "2023.08.29"]
[Round "10"]
[White "lefonghua"]
[Black "dretch"]
[Result "0-1"]
[WhiteElo "2666"]
[BlackElo "2896"]
[TimeControl "180+1"]
[EndTime "15:52:54 PDT"]
[Termination "dretch won by resignation"]

1. d4 d5 2. c4 c6 3. Nf3 Nf6 4.
Nc3 dxc4 5. a4 Bf5 6. Ne5 Nbd7 7. Nxc4 Nb6 8. Ne5 a5 9. f3 Nfd7 10. Nxd7 Nxd7 11. e4 Bg6 12. Be3 e6 13. Be2 Bb4 14. O-O O-O 15. Qb3 Qb6 16. Rfd1 Rfd8 17. Na2 Bc5 18.
Qxb6 Bxb6 19. Kf2 f5 20. e5 Ba7 21. Bc4 Bf7 22. f4 Nb6 23. Bb3 Nd5 24. Nc3 Nb4 25. Na2 Nd5 26. Nc3 Nxe3 27. Kxe3 Rd7 28. Rd3 Rad8 29.
Rad1 Kf8 30. h3 c5 31. Nb5 cxd4+ 32. Kf3 Bc5 33. Rc1 b6 34. Rcd1 Ke7 35. Bc4 Bh5+ 36. g4 Bg6 37. R3d2 d3 38. Kg3 fxg4 39. hxg4 Be3 40. Rh2 Rf8 41. Kh3 Rxf4 42. Nd6 Rf3+ 43. Kg2 Rf2+ 44. Kg3 Rxh2 45. Kxh2 Bf4+ 46. Kg2 Bxe5 47.
Nc8+ Kf6 48. Nxb6 Rb7 49. Nc8 Rxb2+ 50. Kf3 d2 51. g5+ Kxg5 52. Bxe6 Bh5+ 0-1

[Event "Late-Titled-Tuesday-Blitz-August-29-2023"]
[Site "Chess.com"]
[Date "2023.08.29"]
[Round "10"]
[White "djano"]
[Black "zeitnot2006"]
[Result "0-1"]
[WhiteElo "2588"]
[BlackElo "2758"]
[TimeControl "180+1"]
[EndTime "15:52:54 PDT"]
[Termination "zeitnot2006 won on time"]

1. e4 c5 2. Nc3 Nc6 3. Bb5 g6 4.
Bxc6 bxc6 5. d3 Bg7 6. Be3 Rb8 7. Qc1 d5 8. Bf4 e5 9. Bd2 Ne7 10. Nge2 O-O 11. O-O f5 12. Bg5 Be6 13. Na4 Qd6 14. b3 Nc8 15. Qa3 f4 16. f3 Rb5 17. c4 Rb4 18.
Bh4 d4 19. Be1 g5 20. Nxc5 Rb8 21. Qa5 g4 22. Bb4 Rxb4 23. Qxb4 Rf6 24. Na6 Qd7 25. Nb8 Qc7 26. Na6 Qd8 27. Kh1 Rh6 28. Qe1 g3 29. Nxg3 Qh4 30. h3 fxg3 31. f4 Bxh3 32.
Rf3 Bg4+ 0-1

[Event "Late-Titled-Tuesday-Blitz-August-29-2023"]
[Site "Chess.com"]
[Date "2023.08.29"]
[Round "10"]
[White "cthulhuuu"]
[Black "jamengrand"]
[Result "1-0"]
[WhiteElo "2478"]
[BlackElo "2357"]
[TimeControl "180+1"]
[EndTime "15:52:54 PDT"]
[Termination "cthulhuuu won on time"]

1. e4 e5 2. Nf3 Nc6 3. Bb5 a6 4.
Bxc6 dxc6 5. O-O f6 6. d4 Bg4 7. dxe5 Qxd1 8. Rxd1 fxe5 9. Rd3 Bd6 10. Nbd2 Nf6 11. Nc4 Bxf3 12. gxf3 O-O-O 13. a4 Rhf8 14. Bg5 h6 15. Bh4 g5 16. Bg3 Nh5 17. Rad1 Nxg3 18.
hxg3 Rde8 19. Rxd6 cxd6 20. Nxd6+ Kc7 21. Nxe8+ Rxe8 22.
Kg2 Re6 23. Kh3 h5 24. Kg2 b5 25. a5 b4 26. Rh1 Rh6 27. f4 gxf4 28. gxf4 Kd6 29. f5 Ke7 30. f4 Kf6 31. Kf3 h4 32. Kg4 exf4 33. Kxf4 h3 34. Kg3 Ke5 35. Rxh3 Rd6 36. Kf3 b3 37. Rh2 bxc2 38. Rxc2 Rd3+ 39. Ke2 Rb3 40. Rxc6 Rxb2+ 41. Kd3 Rb3+ 42. Rc3 Rb5 43. Ra3 Rb8 44. Rc3 Rb5 45. Rc6 Rxa5 46. Re6+ Kf4 47. f6 Rb5 48. f7 Rb8 49. Rf6+ Ke5 50. f8=R 1-0

[Event "Late-Titled-Tuesday-Blitz-August-29-2023"]
[Site "Chess.com"]
[Date "2023.08.29"]
[Round "10"]
[White "Chess_Star1234"]
[Black "Mariia89"]
[Result "0-1"]
[WhiteElo "2473"]
[BlackElo "1971"]
[TimeControl "180+1"]
[EndTime "15:52:55 PDT"]
[Termination "Mariia89 won by resignation"]

1. d4 Nf6 2. c4 c5 3. d5 b5 4. cxb5 a6 5. bxa6 Bxa6 6. Nc3 d6 7. Nf3 g6 8. g3 Bg7 9. Bg2 O-O 10. O-O Nbd7 11.
Bg5 Qa5 12. Bd2 Rfb8 13. Rb1 Ra7 14. b3 Ne8 15. Qc2 Nc7 16. a4 Qb6 17. Rfc1 Bxc3 18. Bxc3 Nxd5 19. Ba1 Nb4 20. Qd2 e6 21. Rd1 d5 22. Qh6 e5 23. Nxe5 Nxe5 24. Bxe5 f6 25. Bc3 Qe6 26. Bxb4 Qxe2 27. Bxd5+ Kh8 28. Bxc5 Rg7 29.
Bc4 Bxc4 30. bxc4 Re8 31. Re1 Qxe1+ 32. Rxe1 Rxe1+ 33. Kg2 Kg8 34. Bd4 Rf7 35. Qd2 Re6 36. Bc3 Rc6 37. Qd8+ Kg7 38. Qd5 Rfc7 39. Qd4 Kh6 40.
Qh4+ Kg7 41. g4 h6 42. Bd4 g5 43. Qg3 Rxc4 44. Qe3 Rd7 45. Qe4 Rcxd4 46. Qf5 R4d5 47.
h3 Rxf5 0-1

[Event "Late-Titled-Tuesday-Blitz-August-29-2023"]
[Site "Chess.com"]
[Date "2023.08.29"]
[Round "10"]
[White "protectiago"]
[Black "KorolDimitriy75"]
[Result "0-1"]
[WhiteElo "2105"]
[BlackElo "2326"]
[TimeControl "180+1"]
[EndTime "15:52:57 PDT"]
[Termination "KorolDimitriy75 won on time"]

1. d4 Nf6 2. c4 c5 3. d5 b5 4. cxb5 a6 5. bxa6 Bxa6 6. g3 d6 7. Bg2 g6 8. Nf3 Bg7 9. O-O O-O 10. Nc3 Nbd7 11. Qc2 Qa5 12. Rd1 Rfb8 13. Rb1 Ng4 14.
Bg5 Kf8 15. Qe4 Ngf6 16. Qh4 Rb4 17. e4 Rab8 18. b3 c4 19. Nd4 Ne5 20. Bxf6 Bxf6 21.
Qxh7 cxb3 22. Ne6+ fxe6 23. dxe6 bxa2 24. Rxb4 Qxb4 25.
Nd5 Qb1 26. Qh6+ Bg7 27. Qf4+ Ke8 28. Nc7+ Kd8 29. Rc1 Qxc1+ 30. Qxc1 Rb1 0-1

[Event "Late-Titled-Tuesday-Blitz-August-29-2023"]
[Site "Chess.com"]
[Date "2023.08.29"]
[Round "10"]
[White "Garmendiarov"]
[Black "Valeron87"]
[Result "0-1"]
[WhiteElo "2333"]
[BlackElo "2465"]
[TimeControl "180+1"]
[EndTime "15:53:02 PDT"]
[Termination "Valeron87 won on time"]

1. e4 c5 2. Nf3 Nc6 3. Bb5 Nf6 4. Bxc6 dxc6 5. d3 g6 6. h3 Bg7 7. Nc3 O-O 8. Be3 b6 9. Qd2 Nd7 10. Bh6 e5 11. a4 Re8 12. Bxg7 Kxg7 13. O-O Nf8 14. a5 Bd7 15. Na4 f6 16. b4 cxb4 17. Qxb4 c5 18. Qb2 Rb8 19. axb6 axb6 20. Nd2 Ne6 21.
Nc3 Bc6 22. Nc4 b5 23. Ne3 Nd4 24. Ncd5 b4 25. Ra7+ Kh8 26. Rfa1 f5 27. Rf7 Rf8 28. Raa7 Rxf7 29. Rxf7 f4 30. Nf6 Rb7 31. Rxb7 Bxb7 32.
Ned5 f3 33. gxf3 Bxd5 34. Nxd5 Qg5+ 35. Kf1 Nxf3 0-1

[Event "Late-Titled-Tuesday-Blitz-August-29-2023"]
[Site "Chess.com"]
[Date "2023.08.29"]
[Round "10"]
[White "Akhayan"]
[Black "only_strong_moves"]
[Result "0-1"]
[WhiteElo "2328"]
[BlackElo "2548"]
[TimeControl "180+1"]
[EndTime "15:53:06 PDT"]
[Termination "only_strong_moves won by resignation"]

1. e4 e6 2. d4 d5 3. Nc3 Bb4 4. exd5 exd5 5. Bd3 Nf6 6. Ne2 c5 7. dxc5 Nbd7 8. O-O h6 9. Be3 Nxc5 10. a3 Nxd3 11. Qxd3 Bxc3 12. Nxc3 O-O 13. Rad1 Be6 14. Bd4 Rc8 15. h3 b6 16. Rfe1 Re8 17. Qf3 Nh7 18. Qg3 Qg5 19. Qxg5 Nxg5 20. Be3 Nh7 21. Rd2 Nf6 22.
Red1 Rc4 23. Bd4 Nd7 24. Be3 Nf8 25. Kf1 Rec8 26. f3 R4c6 27. Kf2 Ng6 28. Bd4 Ne7 29. Be3 a5 30. Rc1 Nf5 31. Ne2 Nd6 32. Nd4 R6c7 33.
Re1 Nc4 34. b3 Nxd2 35. Bxd2 Rxc2 36. Nxc2 Rxc2 37. Ke3 d4+ 38. Kd3 Bf5+ 39. Re4 Bxe4+ 40. fxe4 Ra2 41. a4 Rb2 0-1

[Event "Late-Titled-Tuesday-Blitz-August-29-2023"]
[Site "Chess.com"]
[Date "2023.08.29"]
[Round "10"]
[White "Firouzja2003"]
[Black "BillieKimbah"]
[Result "1-0"]
[WhiteElo "3122"]
[BlackElo "3052"]
[TimeControl "180+1"]
[EndTime "15:53:07 PDT"]
[Termination "Firouzja2003 won on time"]

1. e4 e5 2. Nf3 Nc6 3. Bb5 a6 4. Ba4 Nf6 5. O-O Bc5 6. c3 b5 7. Bb3 d6 8. d4 Bb6 9. Be3 O-O 10.
Nbd2 Re8 11. h3 Na5 12. Bc2 c5 13. Re1 cxd4 14. cxd4 Nc6 15. Nb3 a5 16. Bd3 Ba6 17.
Rc1 Nb4 18. Bb1 a4 19. a3 axb3 20. axb4 exd4 21. Nxd4 Qd7 22. Nxb3 Bxe3 23. Rxe3 Bb7 24. Qd4 Rac8 25. Rxc8 Rxc8 26. Rc3 Re8 27. f3 h6 28. Na5 Ba8 29. Ba2 Nh5 30. Qb6 d5 31. Qc7 Qe6 32. Nc6 Nf6 33. exd5 Qe1+ 34. Kh2 Re2 35. Qg3 Qd2 36. Ra3 1-0

[Event "Late-Titled-Tuesday-Blitz-August-29-2023"]
[Site "Chess.com"]
[Date "2023.08.29"]
[Round "10"]
[White "Kostukov_Alex"]
[Black "karinachess1"]
[Result "0-1"]
[WhiteElo "2425"]
[BlackElo "2602"]
[TimeControl "180+1"]
[EndTime "15:53:07 PDT"]
[Termination "karinachess1 won on time"]

1. g3 Nf6 2. Bg2 g6 3. c4 Bg7 4. Nf3 O-O 5. O-O d6 6. d4 c6 7. Nc3 Bf5 8. h3 Ne4 9. Nxe4 Bxe4 10. Qb3 Qd7 11. Qe3 d5 12. Ne5 Bxe5 13. Bxe4 Bg7 14. cxd5 cxd5 15. Bg2 Nc6 16. Rd1 Rac8 17. Rb1 e6 18. b4 Ne7 19. Bb2 Rc4 20. Qb3 Rfc8 21. e3 Nf5 22. Bf1 R4c7 23. Rbc1 Nd6 24. Rc5 b6 25.
Rxc7 Rxc7 26. Rc1 Ne4 27. Bd3 Nd2 28. Rxc7 Qxc7 29. Qc2 Nc4 30. b5 h5 31. a4 h4 32.
g4 Bf8 33. Bxc4 dxc4 34. Bc3 f5 35. gxf5 exf5 36. e4 Qf4 37. exf5 gxf5 38. Qe2 Qg5+ 0-1

[Event "Late-Titled-Tuesday-Blitz-August-29-2023"]
[Site "Chess.com"]
[Date "2023.08.29"]
[Round "10"]
[White "Walter_White_Poland"]
[Black "Fleetw00dMac"]
[Result "0-1"]
[WhiteElo "2353"]
[BlackElo "2460"]
[TimeControl "180+1"]
[EndTime "15:53:07 PDT"]
[Termination "Fleetw00dMac won on time"]

1. e4 e5 2. Nf3 Nc6 3. Bb5 a6 4. Ba4 Nf6 5. O-O Be7 6. Re1 b5 7. Bb3 d6 8. c3 O-O 9. h3 Na5 10. Bc2 c5 11. d4 Bb7 12. Nbd2 cxd4 13. cxd4 exd4 14. Nxd4 Re8 15. N2b3 Nc4 16. Nd2 Ne5 17. b3 Bf8 18. Bb2 Rc8 19. Rc1 g6 20. N2f3 Bh6 21.
Rb1 Qb6 22. Nh2 Qa5 23. a3 Qd2 24. Qxd2 Bxd2 25. Red1 Bh6 26. Re1 Rc7 27. Rbd1 Ned7 28. f3 Bf4 29. Bb1 h5 30. Ne2 Be5 31. Bxe5 dxe5 32.
Nf1 Nc5 33. b4 Na4 34. Ne3 Nc3 35. Nxc3 Rxc3 36. Rd3 Rec8 37. Red1 Kf8 38. Kf2 Ke7 39. Ke2 R3c7 40. R1d2 Rc1 41. Ba2 h4 42. Nd5+ Bxd5 43. Bxd5 R8c7 44. Bb3 Nh5 45. Kf2 Nf4 46. Rd8 R1c3 0-1

[Event "Late-Titled-Tuesday-Blitz-August-29-2023"]
[Site "Chess.com"]
[Date "2023.08.29"]
[Round "10"]
[White "EsmeraldasAnderson03"]
[Black "Berardino"]
[Result "1-0"]
[WhiteElo "2448"]
[BlackElo "2675"]
[TimeControl "180+1"]
[EndTime "15:53:08 PDT"]
[Termination "EsmeraldasAnderson03 won by resignation"]

1. d4 Nf6 2. Nf3 g6 3. Bf4 Bg7 4. h3 O-O 5. e3 c5 6. c3 d6 7. Nbd2 b6 8. Be2 Bb7 9. O-O Nbd7 10.
Re1 a6 11. Bf1 Ne4 12. Bh2 b5 13. a4 Qb6 14. a5 Qc7 15. Nxe4 Bxe4 16. Nd2 Bb7 17.
Nb3 cxd4 18. exd4 e5 19. dxe5 dxe5 20. Qe2 Rfe8 21. Red1 Nc5 22. Nxc5 Qxc5 23. Qe3 Qxe3 24. fxe3 Rad8 25. Kf2 f6 26. Be2 Bf8 27. Bf3 Bxf3 28. gxf3 Bc5 29. Ke2 Kf7 30. e4 Ke6 31. Bg1 Bxg1 32.
Rxg1 b4 33. c4 Rd4 34. b3 f5 35. Rad1 fxe4 36. Rxd4 exf3+ 37. Kxf3 exd4 38. Ke4 Rd8 39. Rd1 g5 40. Rxd4 Rf8 41. Rd5 Rf4+ 42. Ke3 Rh4 43.
Rxg5 Rxh3+ 44. Kd4 Rxb3 45. Rh5 Rb1 46. Rxh7 b3 47.
Kc3 Ra1 48. Rh6+ Kd7 49. Rxa6 Rb1 50. Rb6 Ra1 51. Rb5 Ra3 52. Kb2 Ra4 53. Kxb3 Ra1 54. Kb4 Kc6 55. Rb6+ Kc7 56. Rh6 Rg1 57. Kb5 Rb1+ 58.
Kc5 Kb7 59. Rb6+ 1-0